 Dungeon Crawl Stone Soup version 0.17.0-28-g6e173f8 (webtiles) character file.

1339 MDvedh the Grappler (level 8, -4/60 HPs)
             Began as a Ghoul Conjurer on Nov 22, 2015.
             Killed from afar by a crimson imp (15 damage)
             ... with a wand of lightning
             ... on level 5 of the Dungeon.
             The game lasted 00:13:47 (5407 turns).

MDvedh the Grappler (Ghoul Conjurer)                Turns: 5407, Time: 00:13:47

Health: -4/60      AC: 12    Str: 14    XL:     8   Next: 61%
Magic:  9/9        EV:  6    Int: 10    God:
Gold:   373        SH:  0    Dex:  9    Spells: 2 memorised, 7 levels left

rFire  . . .     SeeInvis .       - Unarmed
rCold  + . .     Clarity  .     a - +1 chain mail of Midwinter {rPois} (curse)
rNeg   + + +     SustAt   .     (no shield)
rPois  ∞         Gourm    .     (no helmet)
rElec  .         Spirit   .     d - +2 cloak
rCorr  .         Warding  .     (no gloves)
rMut   .         Stasis   .     (no boots)
MR     .....                    (no amulet)
Stlth  ..........               (no ring)
                                (no ring)

@: rotting, not resistant to hostile enchantments, extremely unstealthy
A: rotting body, claws 1, carnivore 3, cold resistance 1, negative energy
resistance 3, slow regeneration 1, torment resistance, unbreathing
a: no special abilities


You were on level 5 of the Dungeon.
You were not hungry.

You visited 2 branches of the dungeon, and saw 6 of its levels.

You collected 373 gold pieces.

Inventory:

Armour
 a - the cursed +1 chain mail of Midwinter (worn) {rPois}
   (You found it on level 5 of the Dungeon)

   It protects you from poison.
   It has a curse placed upon it.
 d - a +2 cloak (worn)
Scrolls
 e - 4 scrolls of remove curse
 g - a scroll of identify
 h - a scroll of magic mapping
 j - a scroll of blinking
 l - 2 scrolls of teleportation
 o - a scroll of fog {unknown}
Potions
 i - a potion of brilliance {unknown}
 k - a potion of heal wounds {unknown}
 m - a potion of might {unknown}
 n - 2 potions of curing
 p - a potion of haste {unknown}
 r - a potion of berserk rage {unknown}
 s - a potion of beneficial mutation {unknown}
Books
 b - a book of Conjurations

   Spells                             Type                      Level
   a - Magic Dart                     Conjuration                  1
   b - Searing Ray                    Conjuration                  2
   c - Dazzling Spray                 Conjuration/Hexes            3
   d - Fulminant Prism                Conjuration/Hexes            4
   e - Iskenderun's Mystic Blast      Conjuration                  4
   f - Iskenderun's Battlesphere      Conjuration/Charms           5
Comestibles
 c - 4 meat rations
 f - 2 beef jerkies


   Skills:
 + Level 1.6 Fighting
 + Level 1.1 Armour
 - Level 1.7 Dodging
 - Level 2.1 Stealth
 + Level 10.6 Unarmed Combat
 - Level 1.7 Spellcasting
 - Level 3.2 Conjurations


You had 7 spell levels left.
You knew the following spells:

 Your Spells              Type           Power        Failure   Level  Hunger
a - Magic Dart            Conj           #...         99%         1    ##.....
b - Searing Ray           Conj           #.....       100%        2    ###....


Dungeon Overview and Level Annotations

Branches:
Dungeon (5/15)             Temple (1/1) D:4

Altars:
Ashenzari
Cheibriados
Dithmenos
Elyvilon
Fedhas
Gozag
Kikubaaqudgha
Nemelex Xobeh
Okawaru
Qazlal
Ru
Sif Muna
Trog
Vehumet
Yredelemnul
The Shining One

Shops:
D:5 :


Innate Abilities, Weirdness & Mutations

Your body is rotting away.
You thrive on raw meat.
You are immune to poison.
You have sharp fingernails.
You are carnivorous and can eat meat at any time.
Your flesh is cold resistant.
You are immune to negative energy.
You regenerate slowly when monsters are visible.
You are immune to unholy pain and torment.
You can survive without breathing.


Message History

A crimson imp comes into view.
Unknown command.
The crimson imp zaps a wand.
The bolt of lightning hits you!
It is a wand of lightning.
The crimson imp disappears for a moment.
The crimson imp zaps a wand.
The bolt of lightning hits you!
You claw the crimson imp! Your claw misses the crimson imp.
The crimson imp is almost dead.
The crimson imp hits you but does no damage.
You barely miss the crimson imp.
The crimson imp is almost dead.
The crimson imp zaps a wand.
The bolt of lightning hits you!
* * * LOW HITPOINT WARNING * * *
You are too injured to fight recklessly!
You are too injured to fight recklessly!
Drink which item? (? for menu, Esc to quit)
You feel better. The crimson imp closely misses you.
Drink which item? (? for menu, Esc to quit)
You feel better.
The crimson imp zaps a wand.
The bolt of lightning hits you!
You die...

#########.# #######..# #≈≈≈≈≈#
#.# ##......<## #≈8.8≈# #.##
###..####### ### #≈.∩.≈#
#..####...########## #.. #≈8.8≈#
##.................# #.. #≈≈.≈≈#
#####.........###.####.. ###'###
##......#............... ###.##
#..####.5.###..###..##.. .....##
##.##...@.#####...#......
......###..#..###.....#..........
.....###..#..## #####.#.######..#
............## ###...# ##.#
........##### ##..>..# #.#
........## #..###.# #..
##.......# #.## #.# ##. #[#.###.#
###.# #.# ## #<..###.#######...#
#.## ####.


You could see a crimson imp.

Vanquished Creatures
  Edmund (D:5)
  A water moccasin (D:5)
  The ghost of septik the Magician, an amateur DEFE of Vehumet (D:4)
  A sky beast (D:5)
  An ogre (D:4)
  2 scorpions
  2 crimson imps (D:5)
  A giant frog zombie (D:5)
  2 giant frog skeletons (D:4)
  Crazy Yiuf (D:3)
  Ijyb (D:2)
  2 hounds
  4 orc priests (D:3)
  3 orc wizards (D:3)
  2 iguanas
  3 worker ants
  An adder (D:2)
  A shadow imp (D:5)
  3 oozes
  4 worms
  2 giant geckos
  9 orcs
  6 bats
  6 giant cockroaches
  4 hobgoblins
  8 jackals
  A quokka (D:4)
  2 ball pythons
  10 giant newts
  14 goblins
  A jackal zombie (D:5)
  11 kobolds
  5 rats
116 creatures vanquished.

Notes
Turn   | Place    | Note
--------------------------------------------------------------
     0 | D:1      | MDvedh the Ghoul Conjurer began the quest for the Orb.
     0 | D:1      | Reached XP level 1. HP: 14/14 MP: 2/2
   134 | D:1      | Reached skill level 1 in Unarmed Combat
   207 | D:1      | Reached XP level 2. HP: 20/20 MP: 0/3
   594 | D:1      | Learned a level 2 spell: Searing Ray
   941 | D:2      | Reached XP level 3. HP: 20/26 MP: 1/4
  1260 | D:2      | Noticed Crazy Yiuf
  1796 | D:2      | Found a snail-covered altar of Cheibriados.
  1800 | D:2      | Found a white marble altar of Elyvilon.
  1804 | D:2      | Found a sparkling altar of Nemelex Xobeh.
  2182 | D:2      | Reached XP level 4. HP: 30/33 MP: 0/5
  2361 | D:2      | Reached skill level 4 in Unarmed Combat
  2375 | D:2      | Noticed Ijyb
  2391 | D:2      | Killed Ijyb
  2532 | D:3      | Killed Crazy Yiuf
  2532 | D:3      | Reached skill level 5 in Unarmed Combat
  2532 | D:3      | Reached XP level 5. HP: 17/38 MP: 0/6
  3042 | D:3      | Reached skill level 6 in Unarmed Combat
  3042 | D:3      | Reached XP level 6. HP: 4/45 MP: 7/7
  3129 | D:3      | Found a shadowy altar of Dithmenos.
  3372 | D:3      | Reached skill level 7 in Unarmed Combat
  3743 | D:4      | Found a staircase to the Ecumenical Temple.
  3745 | D:4      | Noticed septik's ghost (amateur DEFE)
  3972 | Temple   | Entered the Ecumenical Temple
  4117 | D:4      | Killed septik's ghost
  4117 | D:4      | Reached skill level 8 in Unarmed Combat
  4117 | D:4      | Reached XP level 7. HP: 11/49 MP: 8/8
  4605 | D:4      | Reached skill level 9 in Unarmed Combat
  4785 | D:5      | Entered Level 5 of the Dungeon
  4841 | D:5      | Reached XP level 8. HP: 55/57 MP: 9/9
  4887 | D:5      | Noticed Edmund
  4902 | D:5      | Killed Edmund
  4957 | D:5      | Reached skill level 10 in Unarmed Combat
  5261 | D:5      | Reached skill level 1 in Fighting
  5261 | D:5      | Reached skill level 1 in Armour
  5275 | D:5      | Got a steaming chain mail
  5340 | D:5      | Identified the cursed +1 chain mail of Midwinter {rPois} (You found it on level 5 of the Dungeon)
  5379 | D:5      | Found Ruddaheo's Book Boutique.
  5405 | D:5      | HP: 2/55 [crimson imp/wand of lightning (16)]
  5407 | D:5      | Killed from afar by a crimson imp

Action                   |  1- 3 |  4- 6 |  7- 9 || total
-------------------------+-------+-------+-------++-------
Melee: Unarmed           |   109 |   229 |   145 ||   483
 Cast: Magic Dart        |    21 |     4 |       ||    25
       Searing Ray       |       |     1 |     1 ||     2
  Use: Scroll            |     1 |     4 |    11 ||    16
       Potion            |       |     1 |     2 ||     3
 Stab: Sleeping          |     5 |       |       ||     5
       Invisible         |       |     3 |       ||     3
  Eat: Chunk             |    10 |    11 |     8 ||    29
